 Dungeon Crawl Stone Soup version 0.31.0-9-g3a7656b989 (webtiles) character file.

Game seed: 8713014143905229727

67 qw the Shooter (level 4, -1/25 HPs)
             Began as a Deep Elf Hunter on Feb 2, 2024.
             Slain by a ribbon worm (6 damage)
             ... on level 2 of the Dungeon.
             The game lasted 00:00:03 (998 turns).

qw the Shooter (Deep Elf Hunter)                     Turns: 998, Time: 00:00:03

Health: -1/25      AC:  5    Str: 10    XL:     4   Next: 0%
Magic:  6/6        EV: 11    Int: 14    God:
Gold:   85         SH:  0    Dex: 18    Spells: 3/3 levels left

rFire   . . .        a - +0 shortbow
rCold   . . .        (shield currently unavailable)
rNeg    . . .        d - +0 ring mail
rPois   +            (no helmet)
rElec   .            (no cloak)
rCorr   .            (no gloves)
SInv    .            (no boots)
Will    .....        (no amulet)
Stlth   +            e - ring of poison resistance
HPRegen 0.24/turn    (no ring)
MPRegen 0.10/turn

%: no passive effects
@: no status effects
A: no striking features
a: no special abilities


You were on level 2 of the Dungeon.
You visited 1 branch of the dungeon, and saw 2 of its levels.

You collected 85 gold pieces.


   Skills:
 - Level 1.5 Fighting
 + Level 7.4 Ranged Weapons
 - Level 2.4 Dodging
 - Level 1.2 Stealth


You had 3 spell levels left.
You didn't know any spells.
Your spell library was empty.

Inventory:

Hand Weapons
 a - a +0 shortbow (weapon)
Armour
 d - a +0 ring mail (worn)
Jewellery
 e - a ring of poison resistance (left hand)
Potions
 b - 2 potions of heal wounds {unknown}
 f - a potion of attraction {unknown}

Dungeon Overview and Level Annotations

Branches:
Dungeon (2/15)

Altars:


Message History

2 gnolls come into view.
The gnoll hits you with a +0 club.
987 ||| RETREEEEATING.
You shoot an arrow. The arrow hits the gnoll.
The gnoll is heavily wounded.
The gnoll closely misses you.
You shoot an arrow.
The arrow hits the gnoll but does no damage.
The gnoll is heavily wounded.
You hear a shout!
The gnoll closely misses you. The gnoll hits you with a +0 club!
You shoot an arrow. The arrow hits the gnoll.
The gnoll is heavily wounded.
You hear a shout!
The gnoll closely misses you. x2
You shoot an arrow. The arrow hits the gnoll.
The gnoll is severely wounded.
The gnoll closely misses you. x2
You shoot an arrow. The arrow hits the gnoll!
You kill the gnoll!
You shoot an arrow. The arrow hits the gnoll!
The gnoll is heavily wounded.
The gnoll completely misses you.
994 ||| RETREEEEATING.
The gnoll barely misses you.
You shoot an arrow. The arrow barely misses the gnoll.
The gnoll hits you with a +0 club.
You shoot an arrow. The arrow hits the gnoll!
You kill the gnoll!
You have reached level 4!
You feel clever.
You shoot an arrow. The arrow hits the ribbon worm.
The ribbon worm is lightly wounded.
The gnoll hits you from afar with a +0 spear.
The ribbon worm expels a string of sticky webbing.
The stream of webbing hits you but does no damage.
You are caught in a web!
The web tears apart.
The gnoll hits you from afar with a +0 spear.
The ribbon worm bites you.
You die...

#.# ##.# #...
#..## #...
######..#######
.......g).....#
######.#w####.#
#.# #.#
#g.##@###.# #.#
#.#
#.#.###.##.#
#.# #.#
#w##........#
#># #.# ..#
#..##.#..# #.#
#.#


gg. #.. #.##..# #.# #.# .. ##...# #..####.###.### ..# #.............. #.#
#....##.####### #. ...........# You could see a ribbon worm and a gnoll.

Vanquished Creatures
  2 gnolls (D:2)
  2 adders (D:2)
  2 dart slugs (D:1)
  5 bats (D:1)
  6 endoplasms
  A goblin (D:2)
  3 hobgoblins
  A jackal (D:1)
  A quokka (D:1)
  A kobold (D:1)
  A rat (D:1)
25 creatures vanquished.

Notes
Turn   | Place    | Note
-------+----------+-------------------------------------------
     0 | D:1      | qw the Deep Elf Hunter began the quest for the Orb.
     0 | D:1      | Reached XP level 1. HP: 12/12 MP: 3/3
     0 | D:1      | 0 ||| qw: Version: 0.3-a-155-g5e7d8dd
     0 | D:1      | 0 ||| qw: Game counter: 1299
     0 | D:1      | 0 ||| qw: Melee chars always use a shield: true
     0 | D:1      | 0 ||| qw: God list: Okawaru
     0 | D:1      | 0 ||| qw: Allow faded altars: false
     0 | D:1      | 0 ||| qw: Do Orc after clearing Dungeon:15 true
     0 | D:1      | 0 ||| qw: Do second Lair branch before Depths: true
     0 | D:1      | 0 ||| qw: Lair rune preference: random
     0 | D:1      | 0 ||| qw: Goals: Normal
     0 | D:1      | 0 ||| PLANNING D:1-11
   294 | D:1      | Reached XP level 2. HP: 12/16 MP: 4/4
   296 | D:1      | Reached skill level 6 in Ranged Weapons
   744 | D:1      | 744 ||| UPGRADING to +0 ring mail.
   754 | D:1      | 754 ||| DROPPING +0 leather armour.
   755 | D:1      | 755 ||| UPGRADING to ring of poison resistance.
   756 | D:1      | 756 ||| READING scroll labelled NASA ISALINUTU.
   759 | D:1      | 759 ||| DROPPING scroll of butterflies.
   825 | D:2      | HP: 3/16 [poisoned by an adder]
   827 | D:2      | Reached XP level 3. HP: 4/20 MP: 5/5
   829 | D:2      | HP: 1/20 [poisoned by an adder]
   964 | D:2      | Reached skill level 7 in Ranged Weapons
   985 | D:2      | 985 ||| RETREEEEATING.
   987 | D:2      | 987 ||| RETREEEEATING.
   994 | D:2      | 994 ||| RETREEEEATING.
   997 | D:2      | Reached XP level 4. HP: 7/25 MP: 6/6
   997 | D:2      | HP: 6/25 [gnoll/+0 spear (2)]
   998 | D:2      | Slain by a ribbon worm

Levels and vault maps discovered:
D:1:      elethiomel_arrival_shortcut, layout_loops_ring,
          chequers_hall_statues_corner_a, minmay_pentomino_o4
D:2:      layout_loops_ring, uniq_sigmund, uniq_robin

Skill      XL: |  1  2  3 |
---------------+----------+-----
Ranged Weapons | 6 7 |  7.4
Fighting       | |  1.5
Dodging        | |  2.4
Stealth        | |  1.2

Action                     |  1- 3 |  4- 6 || total
---------------------------+-------+-------++-------
   Fire: Shortbow          |    83 |     1 ||    84
    Use: Scroll            |     1 |       ||     1
 Armour: Leather armour    |     7 |       ||     7
         Ring mail         |    17 |     3 ||    20
  Dodge: Dodged            |    27 |       ||    27

Table legend:
 A = Non-vault XP
 B = Vault XP
 C = Vault XP percentage of total XP
 D = Non-vault monster count
 E = Vault monster count
 F = Vault count percentage of total count
                 A         B        C        D         E       F
            +---------+---------+-------+---------+---------+-------
      Total |      92 |       5 |   5.2 |      22 |       3 |  12.0
            +---------+---------+-------+---------+---------+-------
        D:1 |      29 |       5 |  14.7 |      14 |       3 |  17.6
        D:2 |      63 |       0 |   0.0 |       8 |       0 |   0.0
            +---------+---------+-------+---------+---------+-------
